 Dungeon Crawl Stone Soup version 0.26.0-11-g8f856b5395 (webtiles) character file.

Game seed: 5590210410360347761

1089 Destapler the Slasher (level 8, -14/71 HPs)
             Began as a Minotaur Chaos Knight on Jan 15, 2021.
             Was a Plaything of Xom.
             Demolished by an orc warrior
             ... wielding a +0 scimitar
              (15 damage)
             ... on level 6 of the Dungeon.
             The game lasted 00:09:26 (5355 turns).

Destapler the Slasher (Minotaur Chaos Knight)       Turns: 5355, Time: 00:09:27

Health: -14/71     AC:  7    Str: 17    XL:     8   Next: 9%
Magic:  7/7        EV: 16    Int:  7    God:    Xom [.....*]
Gold:   282        SH:  5    Dex: 12    Spells: 7/7 levels left

rFire    . . .     SeeInvis .   a - +4 quarterstaff (chaos)
rCold    . . .     Faith    .   (shield currently unavailable)
rNeg     . . .     Spirit   .   w - +0 leather armour (curse)
rPois    .         Reflect  +   (helmet unavailable)
rElec    .         Harm     .   z - +0 cloak
rCorr    .         Rampage  .   g - +0 pair of gloves
Will     ++...                  l - +0 pair of boots
Stlth    ++........             c - amulet of reflection
HPRegen  0.21/turn              f - ring of stealth
MPRegen  0.10/turn              (no ring)

@: no status effects
A: retaliatory headbutt, horns 3, repulsion field 1, dopey 1, strong-willed 2,
screaming 1
a: Renounce Religion


You were on level 6 of the Dungeon.
You worshipped Xom.
You were Xom's teddy bear.
You visited 1 branch of the dungeon, and saw 6 of its levels.

You collected 282 gold pieces.

Inventory:

Hand Weapons
 a - a +4 quarterstaff of chaos (weapon)
 b - a +1 falchion of flaming
Missiles
 d - 10 poisoned darts
 k - 13 boomerangs (quivered)
 s - a throwing net
Armour
 g - a +0 pair of gloves (worn)
 l - a +0 pair of boots (worn)
 w - a cursed +0 leather armour (worn)
 y - a +2 leather armour
 z - a +0 cloak (worn)
Jewellery
 c - an amulet of reflection (around neck)
 f - a ring of stealth (left hand)
 t - an uncursed ring of wizardry
Wands
 o - a wand of iceblast (7)
 v - a wand of paralysis (13)
Scrolls
 e - a scroll of fog
 h - 9 scrolls of identify
 n - 3 scrolls of teleportation
Potions
 i - 3 potions of curing
 j - a potion of might {unknown}
 m - 2 potions of mutation
 p - a potion of haste
 q - a potion of heal wounds {unknown}
 r - a potion of experience {unknown}
 u - a potion of attraction {unknown}


   Skills:
 + Level 6.7 Fighting
 - Level 6.7 Long Blades
 + Level 0.3 Staves
 + Level 6.1 Armour
 + Level 5.2 Dodging


You had 7 spell levels left.
You didn't know any spells.
Your spell library was empty.

Dungeon Overview and Level Annotations

Branches:
Dungeon (6/15)             Temple (0/1) D:4

Altars:
Xom


Innate Abilities, Weirdness & Mutations

You reflexively headbutt those who attack you in melee.
You have a pair of large horns on your head.
You are surrounded by a mild repulsion field. (EV +2)
You are dopey. (Int -2)
You are highly strong-willed. (Will++)
You occasionally shout uncontrollably at your foes.


Message History

You barely miss the orc wizard.
The orc wizard is heavily wounded.
The orc wizard barely misses you. Something hits you.
* * * LOW HITPOINT WARNING * * *
You miss the orc wizard. Your headbutt misses the orc wizard.
The orc wizard is heavily wounded.
The orc wizard hits you but does no damage.
Something hits you!
* * * LOW HITPOINT WARNING * * *
The orc wizard closely misses you. You furiously retaliate!
You headbutt the orc wizard. You sock the orc wizard!
You kill the orc wizard!
Something barely misses you.
You hit something but do no damage. You headbutt something. Something hits you!
* * * LOW HITPOINT WARNING * * *
Xom thinks this is hilarious!
You barely miss something. You block something's attack. Something hits you!
You die...
Xom howls with laughter!

######### #.
#.......#
#.######.......#
+.?........$...#
#..............#
#......).{.....#
#.......@).#
#..........#
#..........#
########...####
#..........#
#..........#
##..........#
............#
##.....#...#


There were no monsters in sight!

Vanquished Creatures
  A sky beast (D:5)
  A phantom (D:4)
  2 ogres
  A centaur (D:4)
  Crazy Yiuf (D:5)
  An orc priest (D:4)
  5 orc wizards
  A hound (D:4)
  A centaur skeleton (D:5)
  An iguana (D:4)
  3 worker ants (D:4)
  A hound zombie (D:6)
  3 howler monkey zombies (D:5)
  7 gnolls
  8 adders
  A white imp (D:5)
  An adder skeleton (D:3)
  An adder zombie (D:5)
  A worm (D:3)
  2 dart slugs
  4 leopard geckos
  13 orcs
  7 bats
  3 giant cockroaches
  5 goblins
  8 hobgoblins
  12 jackals
  2 quokkas
  A ball python (D:4)
  4 frilled lizards
  A giant cockroach zombie (D:5)
  A jackal zombie (D:5)
  6 kobolds
  A leopard gecko skeleton (D:4)
  A quokka skeleton (D:5)
  A quokka zombie (D:5)
  8 rats
121 creatures vanquished.

Notes
Turn   | Place    | Note
-------+----------+-------------------------------------------
     0 | D:1      | Destapler the Minotaur Chaos Knight began the quest for the
                  | Orb.
     0 | D:1      | Reached XP level 1. HP: 19/19 MP: 0/0
    72 | D:1      | Reached XP level 2. HP: 26/27 MP: 1/1
   431 | D:1      | XOM: silly message
   751 | D:1      | XOM: cast spell 'Leda's Liquefaction'
   905 | D:2      | XOM: noise
  1042 | D:2      | Reached XP level 3. HP: 33/33 MP: 2/2
  1490 | D:3      | XOM: polymorph goblin -> leopard gecko
  1736 | D:3      | XOM: divination: magic mapping
  1785 | D:3      | Reached XP level 4. HP: 36/40 MP: 3/3
  1904 | D:3      | XOM: silly message
  2075 | D:3      | XOM: silly message
  2283 | D:3      | XOM: summons 2 hostile shadow creatures
  2546 | D:4      | Reached XP level 5. HP: 47/47 MP: 4/4
  2571 | D:4      | Reached skill level 5 in Long Blades
  2574 | D:4      | Gained mutation: Your muscles are strong. (Str +2) [potion
                  | of mutation]
  2574 | D:4      | Gained mutation: You have a pair of large horns on your
                  | head. [potion of mutation]
  2575 | D:4      | Reached skill level 5 in Fighting
  2699 | D:3      | XOM: give mutations
  2699 | D:3      | Lost mutation: Your muscles are strong. (Str +2) [Xom's
                  | mischief]
  2699 | D:3      | Gained mutation: You are weak. (Str -2) [Xom's mischief]
  2699 | D:3      | Gained mutation: You are dopey. (Int -2) [Xom's mischief]
  2699 | D:3      | Gained mutation: You occasionally shout uncontrollably at
                  | your foes. [Xom's mischief]
  2780 | D:3      | XOM: give mutations
  2780 | D:3      | Lost mutation: You are weak. (Str -2) [Xom's grace]
  2780 | D:3      | Gained mutation: You are surrounded by a mild repulsion
                  | field. (EV +2) [Xom's grace]
  2780 | D:3      | Gained mutation: You are strong-willed. (Will+) [Xom's
                  | grace]
  2780 | D:3      | Gained mutation: You are highly strong-willed. (Will++)
                  | [Xom's grace]
  2929 | D:4      | Noticed an ogre
  2934 | D:4      | Killed an ogre
  2935 | D:4      | Reached XP level 6. HP: 35/56 MP: 5/5
  3309 | D:4      | Found a staircase to the Ecumenical Temple.
  3342 | D:4      | Reached skill level 5 in Armour
  3342 | D:4      | Reached XP level 7. HP: 35/62 MP: 6/6
  3567 | D:4      | XOM: fog
  3766 | D:4      | XOM: cloud trail
  3902 | D:4      | XOM: scenery: create altars
  4073 | D:4      | XOM: scenery: create altars
  4163 | D:5      | Entered Level 5 of the Dungeon
  4225 | D:5      | XOM: scenery: 4 doors open
  4591 | D:5      | Reached skill level 5 in Dodging
  4605 | D:5      | Reached XP level 8. HP: 66/71 MP: 7/7
  5084 | D:5      | Found a runed translucent door.
  5084 | D:5      | XOM: divination: magic mapping
  5085 | D:5      | Noticed Crazy Yiuf
  5101 | D:5      | Killed Crazy Yiuf
  5138 | D:5      | XOM: god gift: scroll labelled GUUFFU ZICZO {god gift}
  5263 | D:5      | XOM: scenery: 1 doors close
  5354 | D:6      | HP: 1/71 [something (13)]
  5355 | D:6      | Demolished by an orc warrior

Illustrated notes

Levels and vault maps discovered:
D:1:      co_arrival_hall_of_pillars, layout_basic,
          chequers_serial_rivers_micro_d, kennysheep_small_spiral
D:2:      layout_loops_cross
D:3:      layout_basic, serial_park_tiny_2
D:4:      layout_cave_pods, temple_doors_e
D:5:      layout_basic, serial_undead, serial_undead_b, serial_undead_f,
          serial_undead_f, serial_undead_c, uniq_crazy_yiuf_cottage
D:6:      layout_basic, doesnt_xom_only_xom

Skill      XL: |  1  2  3  4  5  6  7 |
---------------+----------------------+-----
Long Blades    | 4 5 6 |  6.7
Fighting       | 4 5 6 |  6.7
Armour         | 3 4 5 6 |  6.1
Dodging        | 2 3 4 5 |  5.2
Staves         | |  0.3

Action                   |  1- 3 |  4- 6 |  7- 9 || total
-------------------------+-------+-------+-------++-------
Melee: Falchion          |    87 |   120 |   106 ||   313
       Headbutt          |     8 |    20 |    20 ||    48
       Quarterstaff      |       |       |    14 ||    14
Throw: Boomerang         |       |       |     1 ||     1
  Use: Potion            |       |     2 |       ||     2
       Scroll            |       |       |     9 ||     9
 Stab: Sleeping          |     3 |     1 |     1 ||     5
       Paralysed         |     1 |       |       ||     1
       Confused          |       |     1 |     1 ||     2
Armor: Leather armour    |    27 |    37 |    16 ||    80
Dodge: Dodged            |    45 |    99 |    80 ||   224
Block: Other             |    13 |    38 |    29 ||    80
       Reflection        |       |     7 |       ||     7
       Rpst.: Falchion   |     8 |    18 |    14 ||    40
